 Dungeon Crawl Stone Soup version 0.28-a0-1143-gcf6077d4cc (webtiles) character file.

Game seed: 785308562864431640

105 funkygono the Firebug (level 4, -1/24 HPs)
             Began as a Gargoyle Fire Elementalist on Dec 13, 2021.
             Slain by a gnoll (8 damage)
             ... on level 3 of the Dungeon.
             The game lasted 00:04:12 (2892 turns).

funkygono the Firebug (Gargoyle Fire Elementalist)  Turns: 2892, Time: 00:04:13

Health: -1/24      AC:  5    Str: 11    XL:     4   Next: 83%
Magic:  1/8        EV: 12    Int: 24    God:
Gold:   91         SH:  0    Dex: 10    Spells: 3/9 levels left

rFire   . . .      SeeInvis .   l - +1 whip
rCold   . . .      Faith    .   (no shield)
rNeg    + . .      Spirit   .   a - +0 robe
rPois   ∞          Reflect  .   (no helmet)
rElec   +          Harm     .   (no cloak)
rCorr   .          Rampage  .   (no gloves)
Will    .....                   (no boots)
Stlth   ++........              (no amulet)
HPRegen 0.08/turn               i - +6 ring of intelligence
MPRegen 0.11/turn               (no ring)

@: no status effects
A: sickness immunity, AC +3, negative energy resistance 1, electricity
resistance, torment resistance 1, petrification resistance
a: no special abilities


You were on level 3 of the Dungeon.
You visited 1 branch of the dungeon, and saw 3 of its levels.

You collected 91 gold pieces.

Inventory:

Hand Weapons
 l - a +1 whip (weapon)
Missiles
 c - 64 stones
Armour
 a - a +0 robe (worn)
 b - a +0 buckler
Jewellery
 i - a +6 ring of intelligence (left hand)
Scrolls
 k - a scroll of teleportation
 m - a scroll of fog
Potions
 h - a potion of might {unknown}
 j - 3 potions of curing


   Skills:
 + Level 0.4 Fighting
 + Level 1.7 Dodging
 - Level 2.1 Stealth
 * Level 3.2 Spellcasting
 * Level 2.3 Conjurations
 * Level 3.8 Fire Magic


You had 3 spell levels left.
You knew the following spells:

 Your Spells              Type           Power      Damage    Failure   Level
a - Foxfire               Conj/Fire      72%        2x1d7     3%          1
b - Scorch                Fire           44%        2d7       3%          2
c - Conjure Flame         Conj/Fire      18%        6-21      9%          3

Your spell library contained the following spells:

 Spells                   Type           Power      Damage    Failure   Level
 Apportation              Tloc           6%         N/A       11%         1
 Inner Flame              Hex/Fire       13%        N/A       14%         3
 Gell's Gravitas          Tloc           3%         N/A       32%         3
 Lesser Beckoning         Tloc           3%         N/A       32%         3
 Teleport Other           Tloc           3%         N/A       32%         3
 Flame Wave               Conj/Fire      18%        2d5       30%         4
 Alistair's Intoxication  Tmut/Pois      2%         N/A       96%         5


Dungeon Overview and Level Annotations

Branches:
Dungeon (3/15)

Altars:

Shops:
D:3 *


Innate Abilities, Weirdness & Mutations

You are immune to sickness and miasma.
Your stone body is resilient. (AC +3)
You are immune to poison.
You resist negative energy. (rN+)
You are resistant to electric shocks. (rElec)
You are resistant to unholy torment.
You are immune to petrification.


Message History

Confirm with . or Enter, or press ? or * to list all spells.
You conjure some foxfire!
The foxfire hits the gnoll.
The gnoll is heavily wounded.
The foxfire hits the gnoll but does no damage.
The gnoll is heavily wounded.
The gnoll hits you with a +0 flail!
Casting: Foxfire (safe; 3% risk of failure)
Confirm with . or Enter, or press ? or * to list all spells.
You conjure some foxfire!
The gnoll misses you.
Unknown command.
Casting: Foxfire (safe; 3% risk of failure)
Confirm with . or Enter, or press ? or * to list all spells.
You conjure some foxfire!
The foxfire hits the gnoll but does no damage.
The gnoll is heavily wounded.
The foxfire hits the gnoll.
The gnoll is severely wounded.
The gnoll closely misses you.
Casting: Foxfire (safe; 3% risk of failure)
Confirm with . or Enter, or press ? or * to list all spells.
You conjure some foxfire!
The goblin barely misses you. The gnoll hits you with a +0 flail!
* * * LOW HITPOINT WARNING * * *
Unknown command.
Casting: Foxfire (safe; 3% risk of failure)
Confirm with . or Enter, or press ? or * to list all spells.
You conjure some foxfire!
The foxfire hits the gnoll.
The gnoll is severely wounded.
The foxfire hits the gnoll but does no damage.
The gnoll is severely wounded.
The goblin closely misses you. The gnoll barely misses you.
Casting: Foxfire (safe; 3% risk of failure)
Confirm with . or Enter, or press ? or * to list all spells.
You conjure some foxfire!
The foxfire hits the gnoll but does no damage.
The gnoll is severely wounded.
The foxfire hits the goblin.
The goblin is heavily wounded.
The goblin misses you. The gnoll hits you with a +0 flail!
You die...

.♣.....♣♣.♣.§♣#♣..♣♣..
♣.....♣...♣♣♣.♣.♣.♣ .
♣.♣....♣.♣♣♣§♣§♣ ♣.
♣♣.†..P.♣♣♣.♣§♣ ♣.
..#......♣.♣§♣
♣...#.##...♣.♣.♣
♣...........♣.♣.♣
......P.§Pg♣.♣.♣.♣
♣......v@..♣.♣♣♣..
.......v.g♣.♣♣ ♣..
..####....♣.♣ ... ..
'.....♣.♣ .♣
.#....♣.♣.♣
###.....♣♣♣§♣ .......
♣§ ..###..♣


You could see a gnoll and a goblin (ally target).

Vanquished Creatures
  An orc priest (D:3)
  A gnoll (D:3)
  An adder (D:2)
  A worm (D:3)
  2 orcs (D:3)
  4 endoplasms
  2 giant cockroaches (D:1)
  2 hobgoblins (D:1)
  6 quokkas
  8 ball pythons
  5 bats
  3 frilled lizards
  7 goblins
  3 kobolds
  6 rats
52 creatures vanquished.

Vanquished Creatures (collateral kills)
  4 foxfires (D:3)
4 creatures vanquished.

Vanquished Creatures (others)
  156 foxfires
  77 plants (D:3)
233 creatures vanquished.

Grand Total: 289 creatures vanquished

Notes
Turn   | Place    | Note
-------+----------+-------------------------------------------
     0 | D:1      | funkygono the Gargoyle Fire Elementalist began the quest
                  | for the Orb.
     0 | D:1      | Reached XP level 1. HP: 10/10 MP: 3/3
   283 | D:1      | Reached XP level 2. HP: 15/15 MP: 1/5
   339 | D:1      | Learned a level 2 spell: Scorch
   680 | D:1      | Found a faded altar of an unknown god.
  1414 | D:2      | Reached XP level 3. HP: 19/19 MP: 3/6
  2253 | D:3      | Found Kabuokokk's Assorted Antiques.
  2336 | D:3      | Reached XP level 4. HP: 10/24 MP: 5/8
  2346 | D:3      | HP: 1/24 [orc priest/divine providence (10)]
  2841 | D:3      | Learned a level 3 spell: Conjure Flame
  2892 | D:3      | Slain by a gnoll

Illustrated notes

Levels and vault maps discovered:
D:1:      dpeg_arrival_ternary, layout_loops_corners,
          ebering_ecumenical_altar_webs, hangedman_abyss_or_decor_lesser_grid,
          minmay_misc_feat_enclosed
D:2:      layout_rooms
D:3:      wad_woods_settlement, layout_basic, serial_shops, shop,
          mrwooster_statue_mirror, grunt_decor_junction, minmay_quantized

Skill      XL: |  1  2  3  4 |
---------------+-------------+-----
Spellcasting   | 3 |  3.2
Conjurations   | 2 |  2.3
Fighting       | |  0.4
Dodging        | |  1.7
Stealth        | |  2.1
Fire Magic     | |  3.8

Action                   |  1- 3 |  4- 6 || total
-------------------------+-------+-------++-------
Melee: Unarmed           |     4 |       ||     4
       Whip              |       |     2 ||     2
 Cast: Foxfire           |    75 |    24 ||    99
       Scorch            |     5 |     1 ||     6
  Use: Scroll            |     6 |       ||     6
Armor: Robe              |     5 |     2 ||     7
Dodge: Dodged            |    19 |     8 ||    27

Table legend: (Time is in decaauts)
 A = Elapsed time spent in this place.
 B = Non-inter-level travel time spent in this place.
 C = Inter-level travel time spent in this place.
 D = Time resting spent in this place.
 E = Time spent auto-exploring this place.
 F = Levels seen in this place.
 G = Mean time per level.
                   A        B        C        D        E       F      G
               +--------+--------+--------+--------+--------+-----+--------+
         Total |   2891 |   2865 |     26 |    268 |   2182 |   3 |  963.7 |
       Dungeon |   2891 |   2865 |     26 |    268 |   2182 |   3 |  963.7 |
               +--------+--------+--------+--------+--------+-----+--------+

Top non-repeatable levels by time:
     D:1: 1320 daAuts
     D:2: 1052 daAuts
     D:3: 518 daAuts
